 Dungeon Crawl Stone Soup version 0.28-a0-1567-g1695149f81 (webtiles) character file.

Game seed: 14663087104133014832

891 issech the Cudgeller (level 7, -4/68 HPs)
             Began as a Troll Fighter on Jan 20, 2022.
             Was an Initiate of Nemelex Xobeh.
             Slain by a vampire mosquito (8 damage)
             ... on level 4 of the Dungeon.
             The game lasted 00:23:21 (3957 turns).

issech the Cudgeller (Troll Fighter)                Turns: 3957, Time: 00:23:23

Health: -4/68      AC:  4    Str: 31    XL:     7   Next: 77%
Magic:  6/6        EV:  9    Int: 10    God:    Nemelex Xobeh [......]
Gold:   93         SH:  9    Dex: 11    Spells: 6/6 levels left

rFire   . . .      SeeInvis .   q - +2 mace (protect)
rCold   . . .      Faith    .   c - +1 kite shield
rNeg    . . .      Spirit   .   b - +0 robe
rPois   .          Reflect  .   (helmet restricted)
rElec   .          Harm     .   (no cloak)
rCorr   .          Rampage  .   (gloves unavailable)
Will    .....                   (boots unavailable)
Stlth   +.........              n - amulet of magic regeneration
HPRegen 1.01/turn               j - +6 ring of strength
MPRegen 0.50/turn               l - +6 ring of intelligence

@: mighty, hasted, very quick
A: large, unfitting armour, claws 3, regeneration 1, shaggy fur 1, tough skin 1
a: Renounce Religion, Draw Escape, Draw Destruction, Draw Summoning


You were on level 4 of the Dungeon.
You worshipped Nemelex Xobeh.
Nemelex Xobeh was noncommittal.
You visited 2 branches of the dungeon, and saw 6 of its levels.

You collected 175 gold pieces.
You spent 82 gold pieces at shops.

Inventory:

Hand Weapons
 a - a +0 scythe
 e - a +0 hunting sling
 m - a +2 short sword of speed
 q - a +2 mace of protection (weapon)
 B - a +1 dagger of draining
 C - a +0 hand crossbow
Missiles
 g - 130 stones
 h - 61 sling bullets
 o - 6 boomerangs (quivered)
 t - 65 bolts
 w - 3 poisoned darts
 I - 8 arrows
Armour
 b - a +0 robe (worn)
 c - a +1 kite shield (worn)
Magical Staves
 z - a staff of conjuration
Jewellery
 j - a +6 ring of strength (left claw)
 l - a +6 ring of intelligence (right claw)
 n - an amulet of magic regeneration (around neck)
 v - a ring of ice
 A - a ring of wizardry
Wands
 x - a wand of paralysis (12)
 E - a wand of mindburst (21)
 G - a wand of polymorph (8)
Scrolls
 k - 2 scrolls of blinking
 s - a scroll of teleportation
 u - a scroll of summoning
 y - a scroll of holy word {unknown}
 F - a scroll of magic mapping
 H - a scroll of identify
Potions
 i - 3 potions of heal wounds
 p - a potion of ambrosia {unknown}
 r - a potion of curing {unknown}
 D - a potion of attraction {unknown}


   Skills:
 + Level 3.6 Fighting
 + Level 5.5 Maces & Flails
 + Level 0.2 Throwing
 + Level 4.1 Dodging
 + Level 0.8 Stealth
 + Level 3.8 Shields


You had 6 spell levels left.
You didn't know any spells.
Your spell library contained the following spells:

 Spells                   Type           Power      Damage    Failure   Level
 Summon Small Mammal      Summ           0%         N/A       65%         1
 Call Canine Familiar     Summ           0%         N/A       95%         3
 Summon Guardian Golem    Hex/Summ       0%         N/A       95%         3


Dungeon Overview and Level Annotations

Branches:
Dungeon (5/15)             Temple (1/1) D:4

Altars:
Cheibriados
Dithmenos
Elyvilon
Fedhas
Hepliaklqana
Kikubaaqudgha
Nemelex Xobeh
Ru
Sif Muna
Trog
Uskayaw
Vehumet
Wu Jian
Xom
Yredelemnul
Zin
The Shining One
Ignis

Shops:
D:3 ?:?[*


Innate Abilities, Weirdness & Mutations

You are too large for most types of armour.
You have claws for hands.
Your natural rate of healing is unusually fast.
You are covered in fur. (AC +1)
You have tough skin. (AC +1)


Message History

The vampire mosquito closely misses you.
You block the vampire mosquito's attack.
The vampire mosquito bites you!
* * * LOW HITPOINT WARNING * * *
The vampire mosquito draws strength from your injuries!
You feel very mighty all of a sudden. The vampire mosquito bites you!
* * * LOW HITPOINT WARNING * * *
The vampire mosquito draws strength from your injuries!
The vampire mosquito bites you but does no damage.
You block the vampire mosquito's attack.
The vampire mosquito bites you but does no damage.
The vampire mosquito bites you but does no damage.
The vampire mosquito misses you. The vampire mosquito bites you.
* * * LOW HITPOINT WARNING * * *
The vampire mosquito draws strength from your injuries!
The vampire mosquito closely misses you.
You block the vampire mosquito's attack.
You hit the vampire mosquito.
Your weapon exudes an aura of protection.
The vampire mosquito is lightly damaged.
The vampire mosquito bites you.
* * * LOW HITPOINT WARNING * * *
The vampire mosquito draws strength from your injuries!
You miss the vampire mosquito. The vampire mosquito bites you.
* * * LOW HITPOINT WARNING * * *
The vampire mosquito draws strength from your injuries!
You block the vampire mosquito's attack. x2
You closely miss the vampire mosquito.
The vampire mosquito bites you but does no damage.
You block the vampire mosquito's attack.
The vampire mosquito bites you but does no damage.
You closely miss the vampire mosquito. The vampire mosquito barely misses you.
The vampire mosquito bites you.
* * * LOW HITPOINT WARNING * * *
The vampire mosquito draws strength from your injuries!
The vampire mosquito bites you!
You die...
Your body disappears without a glow.

#..## ##...............###..#
#...# #.#....................
##..###.#....................
##.....................#.....#
#.........#...........##.....#
##.....#####.........##..#.#..
#...>.######.......##..##.##.
##.##.##.###yy........##...##
#.##.....#.@............>...
####.................##...##
####...#..........##..##.##.
#......#...........##..#.#..
#...................##.....#
#...............#.#..#.....#
###.............###.........
#..............##.........
##.....................##.


You could see 2 vampire mosquitoes.

Vanquished Creatures
  Sigmund (D:4)
  An ogre (D:3)
  A phantom (D:3)
  4 scorpions (D:4)
  A water moccasin zombie (D:5)
  A water moccasin skeleton (D:4)
  A hound (D:4)
  Natasha (thrice) (D:4)
  Robin (D:4)
  3 adders
  2 worms (D:2)
  3 dart slugs (D:3)
  5 orcs (D:3)
  7 endoplasms
  5 giant cockroaches
  13 goblins
  10 hobgoblins
  3 kobolds
  A quokka (D:4)
  14 ball pythons
  4 bats
  5 frilled lizards
  6 rats
95 creatures vanquished.

Vanquished Creatures (others)
  9 fungi (D:3)
9 creatures vanquished.

Grand Total: 104 creatures vanquished

Notes
Turn   | Place    | Note
-------+----------+-------------------------------------------
     0 | D:1      | issech the Troll Fighter began the quest for the Orb.
     0 | D:1      | Reached XP level 1. HP: 22/22 MP: 0/0
   108 | D:1      | Reached XP level 2. HP: 29/29 MP: 1/1
   152 | D:1      | Reached skill level 2 in Maces & Flails
   464 | D:1      | Reached XP level 3. HP: 36/36 MP: 2/2
   661 | D:2      | Found a faded altar of an unknown god.
  1757 | D:3      | Noticed a phantom
  1784 | D:3      | Killed a phantom
  1785 | D:3      | Reached skill level 3 in Maces & Flails
  1785 | D:3      | Reached XP level 4. HP: 43/44 MP: 3/3
  1834 | D:3      | Found Suirud's Book Emporium.
  1871 | D:3      | Found Qeohaum's Magic Scroll Emporium.
  1895 | D:3      | Found Gaolufoi's General Store.
  1919 | D:3      | Reached XP level 5. HP: 52/52 MP: 4/4
  2082 | D:3      | Found Tinioz's Armour Emporium.
  2183 | D:3      | Found a shimmering altar of Xom.
  2264 | D:3      | Found Plog's Magic Scroll Emporium.
  2277 | D:3      | Bought a scroll of enchant armour for 82 gold pieces
  2452 | D:3      | Found a sacrificial altar of Ru.
  2554 | D:3      | Found an ornate altar of the Wu Jian Council.
  2554 | D:3      | Found a bloodstained altar of Trog.
  2777 | D:4      | Noticed an ogre
  2830 | D:3      | Killed an ogre
  2874 | D:4      | Reached XP level 6. HP: 54/61 MP: 5/5
  2883 | D:4      | Noticed Natasha
  2895 | D:4      | Killed Natasha
  2896 | D:4      | Reached skill level 4 in Maces & Flails
  2928 | D:4      | Noticed Robin
  2939 | D:4      | Noticed Sigmund
  2968 | D:4      | Noticed Natasha
  2976 | D:4      | Killed Natasha
  3060 | D:4      | Killed Robin
  3071 | D:4      | Killed Sigmund
  3072 | D:4      | Reached XP level 7. HP: 58/67 MP: 6/6
  3248 | D:4      | Found a staircase to the Ecumenical Temple.
  3278 | D:4      | Found a hide-covered altar of Uskayaw.
  3297 | D:4      | Noticed Natasha
  3300 | D:4      | Killed Natasha
  3301 | D:4      | Reached skill level 5 in Maces & Flails
  3709 | Temple   | Entered the Ecumenical Temple
  3784 | Temple   | Became a worshipper of Nemelex Xobeh the Trickster
  3828 | D:5      | Entered Level 5 of the Dungeon
  3907 | D:5      | Noticed a vampire mosquito
  3908 | D:5      | Noticed a vampire mosquito
  3911 | D:5      | Noticed a vampire mosquito
  3957 | D:4      | Slain by a vampire mosquito

Illustrated notes

Levels and vault maps discovered:
D:1:      dpeg_arrival_arbitrary_b, layout_rooms,
          corexii_item_surrounded_by_moat, minmay_misc_feat_alley,
          chequers_garden
D:2:      layout_loops_cross, shapermc_ecumenical_altar_hornbeckon,
          minmay_misc_feat_diagonals, corexii_item_surrounded_by_moat,
          hangedman_decor_diamond_cutter, hangedman_decor_push,
          grunt_ministairs_3
D:3:      layout_basic, lemuel_coloured_pillars_altar, jmf_multi_god_temple,
          mainiacjoe_overflow_alcove_4, serial_shops, shop,
          nicolae_lakefront_shop, nicolae_shop_hallway_plus, shop,
          nicolae_shop_crystal, due_unseen_surprise
D:4:      layout_cave_pools, lemuel_crystal_altar, minmay_temple_entry_waves,
          minmay_quantized, uniq_robin, uniq_natasha, uniq_sigmund
D:5:      layout_rooms, hex_large
Temple:   ebering_untended_altars

Skill      XL: |  1  2  3  4  5  6  7 |
---------------+----------------------+-----
Maces & Flails | 2 3 4 5 |  5.5
Dodging        | 3 4 |  4.1
Shields        | 3 |  3.8
Fighting       | 3 |  3.6
Throwing       | |  0.2
Stealth        | |  0.8

Action                   |  1- 3 |  4- 6 |  7- 9 || total
-------------------------+-------+-------+-------++-------
Melee: Flail             |   144 |    32 |       ||   176
       Mace              |       |   124 |    65 ||   189
Throw: Boomerang         |       |     2 |     2 ||     4
  Use: Scroll            |     5 |     2 |     1 ||     8
       Potion            |       |     1 |     2 ||     3
 Stab: Sleeping          |     2 |       |       ||     2
Armor: Robe              |    56 |    47 |    35 ||   138
Dodge: Dodged            |    54 |    56 |    31 ||   141
Block: Kite shield       |    66 |    67 |    45 ||   178

Table legend: (Time is in decaauts)
 A = Elapsed time spent in this place.
 B = Non-inter-level travel time spent in this place.
 C = Inter-level travel time spent in this place.
 D = Time resting spent in this place.
 E = Time spent auto-exploring this place.
 F = Levels seen in this place.
 G = Mean time per level.
                   A        B        C        D        E       F      G
               +--------+--------+--------+--------+--------+-----+--------+
         Total |   4090 |   3794 |    296 |      0 |   1616 |   6 |  681.7 |
       Dungeon |   3998 |   3702 |    296 |      0 |   1573 |   5 |  799.6 |
        Temple |     92 |     92 |      0 |      0 |     43 |   1 |   92.0 |
               +--------+--------+--------+--------+--------+-----+--------+

Top non-repeatable levels by time:
     D:3: 1230 daAuts
     D:2: 1100 daAuts
     D:4: 910 daAuts
     D:1: 662 daAuts
     D:5: 94 daAuts
  Temple: 92 daAuts
